 Dungeon Crawl Stone Soup version 0.31-a0-1237-gabc64e778c (webtiles) character file.

Game seed: 11787161782576659823

26502 Sobieck the Slicer (level 12, -2/80 HPs)
             Began as a Mummy Hunter on Dec 14, 2023.
             Was a High Priest of Uskayaw.
             Slain by a death yak (13 damage)
             ... in a Gauntlet on Dec 15, 2023.
             The game lasted 00:52:04 (14595 turns).

Sobieck the Slicer (Mummy Hunter)                  Turns: 14595, Time: 00:52:04

Health: -2/80      AC: 14    Str: 19    XL:     12   Next: 98%
Magic:  17/17      EV: 21    Int:  8    God:    Uskayaw [*****.]
Gold:   727        SH:  6    Dex: 16    Spells: 11/11 levels left

rFire   x . .        a - +6 rapier (elec)
rCold   + . .        n - +1 buckler {AC+3}
rNeg    + + +        j - +3 leather armour {Will+}
rPois   ∞            q - +1 helmet
rElec   .            (no cloak)
rCorr   .            h - +0 pair of gloves
SInv    .            C - +1 pair of boots
Will    ++...        (no amulet)
Stlth   +++          e - ring "Jutoblam" {EV+5 Str+4 Dex-4 Slay+3}
HPRegen 0.33/turn    y - +4 ring of slaying
MPRegen 0.15/turn

%: no teleportation, faith
@: no status effects
A: cold resistance 1, negative energy resistance 3, torment resistance 2, heat
vulnerability 1, in touch with death 1, no potions, faith
a: Renounce Religion, Stomp, Line Pass, Grand Finale


You were in a Gauntlet.
You worshipped Uskayaw.
Uskayaw was noncommittal.
You visited 2 branches of the dungeon, and saw 13 of its levels.
You also visited: Bailey and Gauntlet.

You collected 891 gold pieces.
You spent 164 gold pieces at shops.

Inventory:

Hand Weapons
 a - a +6 rapier of electrocution (weapon)
 b - a +1 shortbow of chaos
 f - a +0 orcbow
Missiles
 k - 37 poisoned darts (quivered)
 t - 22 boomerangs
 F - 6 curare-tipped darts
Armour
 h - a +0 pair of gloves (worn)
 i - +0 swamp dragon scales
 j - a +3 leather armour of willpower (worn)
 l - a +0 kite shield
 n - a +1 buckler of protection (worn)
 q - a +1 helmet (worn)
 A - the +1 pair of boots of Xiopir {rN+}
   (You found it in a Gauntlet)

   rN+:       It protects you from negative energy.
 C - a +1 pair of boots (worn)
Jewellery
 c - a ring of protection from cold
 e - the ring "Jutoblam" (left hand) {EV+5 Str+4 Dex-4 Slay+3}
   (You acquired it on level 4 of the Dungeon)

   [ring of evasion]

   EV+5:      It affects your evasion (+5).
   Str+4:     It affects your strength (+4).
   Dex-4:     It affects your dexterity (-4).
   Slay+3:    It affects your accuracy & damage with ranged weapons and melee
   (+3).
 m - a ring of willpower
 u - a ring of wizardry
 y - a +4 ring of slaying (right hand)
Wands
 p - a wand of mindburst (22)
 s - a wand of polymorph (5)
 z - a wand of acid (2)
 D - a wand of digging (15)
 I - a wand of iceblast (3)
 P - a wand of paralysis (8)
 V - a wand of flame (53)
Scrolls
 d - 3 scrolls of immolation
 g - a scroll of blinking
 o - a scroll of noise
 r - 3 scrolls of butterflies
 v - a scroll of acquirement
 w - 2 scrolls of brand weapon
 R - a scroll of identify
 T - 8 scrolls of teleportation
Miscellaneous
 x - a lightning rod (4/4)
 K - a phantom mirror
 O - a condenser vane


   Skills:
 + Level 2.6 Fighting
 * Level 10.2 Short Blades
 - Level 8.3 Ranged Weapons
 - Level 9.0 Dodging
 + Level 7.1 Stealth
 - Level 5.0 Shields
 + Level 7.2 Invocations


You had 11 spell levels left.
You didn't know any spells.
Your spell library contained the following spells:

 Spells                   Type           Power      Damage    Failure   Level
 Freeze                   Ice            0%         1d3       54%         1
 Magic Dart               Conj           0%         1d3       54%         1
 Sting                    Tmut/Pois      0%         1d3       54%         1
 Call Imp                 Summ           0%         N/A       67%         2
 Ensorcelled Hibernation  Hex/Ice        0%         N/A       67%         2
 Passwall                 Tmut/Erth      0%         N/A       67%         2
 Poisonous Vapours        Pois/Air       0%         N/A       67%         2
 Frozen Ramparts          Ice            0%         1d1       88%         3
 Hailstorm                Conj/Ice       0%         3d5       88%         3
 Ignite Poison            Fire/Tmut/Pois 0%         N/A       88%         3
 Mephitic Cloud           Conj/Pois/Air  0%         N/A       88%         3
 Swiftness                Air            0%         N/A       88%         3
 Olgreb's Toxic Radiance  Pois           0%         N/A       99%         4
 Sticky Flame             Conj/Fire      0%         2d3       99%         4
 Ignition                 Fire           0%         3d3       100%        8


Dungeon Overview and Level Annotations

Branches:
Dungeon (12/15)            Temple (0/1) D:6            Lair (1/5) D:9
    Orc (0/2) D:9          Bailey (visited)         Gauntlet (1/1)

Altars:
Ashenzari
Dithmenos
Gozag
Ru
Sif Muna
Trog
Uskayaw
Wu Jian
Xom

Shops:
D:5 [   D:7 *

Annotations:
D:6 exclusions: 2 orcs and orc wizard, Jeremiah
D:8 2 transporters, MrSquiggles's ghost, novice DsWn Gauntlet 7 transporters, 1 runed translucent door


Innate Abilities, Weirdness & Mutations

You are immune to poison.
Your flesh is cold resistant. (rC+)
You are immune to negative energy. (rN+++)
You are immune to unholy pain and torment.
You are vulnerable to heat. (rF-)
You are in touch with the powers of death.
You do not drink.
You have a special connection with the divine. (Faith)


Message History

You hit the death yak but do no damage.
Lightning courses through the death yak!
The death yak is lightly wounded.
The necromancer gestures wildly while chanting.
The necromancer binds the souls of nearby monsters.
Uskayaw will force your foes to helplessly watch your dance.
You hit the death yak but do no damage.
The death yak is lightly wounded.
The death yak gores you.
You hit the death yak.
The death yak is moderately wounded.
Unknown command.
You puncture the death yak!
Lightning courses through the death yak!
The death yak is severely wounded.
The death yak gores you!
The necromancer gestures wildly while chanting.
The necromancer binds the souls of nearby monsters.
Uskayaw will force your foes to share their pain.
Uskayaw links your audience in an emotional bond!
You hit the death yak.
You kill the necromancer!
You kill the death yak!
A freezing mist starts to gather...
A death yak simulacrum comes into view.
You barely miss the death yak.
Unknown command.
You puncture the death yak!
Lightning courses through the death yak!
The death yak is moderately wounded.
The death yak barely misses you. The death yak simulacrum gores you!
The death yak simulacrum freezes you! You resist.
You can now merge with and destroy a victim.
You hit the death yak.
The death yak is moderately wounded.
Unknown command.
You barely miss the death yak.
The death yak is moderately wounded.
You block the death yak simulacrum's attack.
You hit the death yak simulacrum.
Lightning courses through the death yak simulacrum!
The death yak simulacrum is heavily damaged.
Uskayaw links your audience in an emotional bond!
Unknown command.
You hit the death yak simulacrum.
The death yak simulacrum is heavily damaged.
The death yak simulacrum gores you! The death yak simulacrum freezes you!
You resist.
* * * LOW HITPOINT WARNING * * *
The death yak gores you!
You die...

#.#####?#...#.#...###...#.⌠.#
#...5553#.⌠.#..##..y#.∩.#...#
#########...#########...#.©.#
........#.⌠.....#.....⌠.#....
#########...#########...#.©.#
#.......#.⌠.#......Y#.∩.#...#
#..####.#...#..Y.#pY#...#.⌠.#
#.#...#.#.⌠.#..Y###Y#..##....
#.#.©.#©#©.©#.Y#@#.©#.## ⌠.#
#.#...#[#####Y###Z.[#.≈## .#
#.####..#...#..#....#.≈≈#
#.......#.⌠.#.......#.≈##
#########...#########.##
......................≈#
#≈≈≈#≈≈≈#≈≈≈#≈≈≈#≈≈≈#≈≈≈#
##≈###≈###≈###≈###≈###≈## ###
### ### ### ### ##


You could see 2 death yaks and a death yak simulacrum (pain bonded).

Vanquished Creatures
  An orc warlord (Bailey)
  2 boulder beetles
  6 two-headed ogres
  A tengu warrior (D:8)
  A death yak (Gauntlet)
  Pikel (D:9)
  A necromancer (Gauntlet)
  2 manticores
  2 ugly things
  A black mamba (Lair:1)
  5 cane toads (Lair:1)
  A gargoyle (D:10)
  A rime drake (Lair:1)
  An unseen horror (D:12)
  Maggie (D:8)
  2 komodo dragons
  2 efreet
  3 trolls
  4 hornets
  Grinder (D:5)
  A blink frog (D:6)
  A slime creature (D:9)
  35 yaks
  3 wyverns
  Grum (D:8)
  3 vampire mosquitoes (D:11)
  A steam dragon (D:8)
  2 swamp worms (Gauntlet)
  Edmund (D:5)
  2 acid dragons
  6 water moccasins (Lair:1)
  6 orc warriors
  2 black bears
  Duvessa (D:4)
  An ice beast (D:8)
  9 wolves
  2 centaurs
  A kobold brigand (D:11)
  Blork the orc (D:6)
  3 bullfrogs
  A scorpion (D:5)
  3 wights (D:8)
  Dowan (D:4)
  15 killer bees
  6 howler monkeys
  6 orc priests
  5 hounds
  2 jellies
  A gnoll bouda (D:7)
  Ijyb (D:5)
  3 iguanas
  Terence (D:2)
  2 sleepcaps
  11 orc wizards
  A centaur simulacrum (D:9)
  14 gnolls
  8 adders
  A shadow imp (D:6)
  A white imp (D:8)
  2 ufetubi (D:5)
  3 worms
  7 dart slugs
  25 orcs
  3 ball pythons
  7 endoplasms
  5 giant cockroaches
  12 goblins
  5 hobgoblins
  3 jackals (D:1)
  17 kobolds
  2 quokkas
  2 bats
  12 frilled lizards
  3 rats
312 creatures vanquished.

Vanquished Creatures (others)
  An endoplasm (D:4)
1 creature vanquished.

Grand Total: 313 creatures vanquished

Notes
Turn   | Place    | Note
-------+----------+-------------------------------------------
     0 | D:1      | Sobieck the Mummy Hunter began the quest for the Orb.
     0 | D:1      | Reached XP level 1. HP: 16/16 MP: 1/1
   207 | D:1      | Reached XP level 2. HP: 18/22 MP: 2/2
   503 | D:1      | Found a faded altar of an unknown god.
   665 | D:1      | Reached XP level 3. HP: 25/27 MP: 3/3
  1524 | D:2      | Reached XP level 4. HP: 33/33 MP: 4/4
  2042 | D:3      | Found a broken altar of Ashenzari.
  2136 | D:3      | Found an opulent altar of Gozag.
  2142 | D:3      | Found a shimmering altar of Xom.
  2142 | D:3      | Found a bloodstained altar of Trog.
  2155 | D:3      | Found a shadowy altar of Dithmenos.
  2158 | D:3      | Found a sacrificial altar of Ru.
  2481 | D:3      | Noticed Terence
  2524 | D:2      | Killed Terence
  2528 | D:2      | Reached XP level 5. HP: 38/38 MP: 5/5
  2847 | D:4      | Identified a scroll of acquirement
  2847 | D:4      | Acquired the ring "Jutoblam" {EV+5 Str+4 Dex-4 Slay+3}
  2868 | D:4      | Noticed a black bear
  2880 | D:4      | Killed a black bear
  2881 | D:4      | Reached skill level 6 in Ranged Weapons
  2881 | D:4      | Reached XP level 6. HP: 33/44 MP: 6/6
  2935 | D:4      | Noticed Duvessa
  2935 | D:4      | Noticed Dowan
  2957 | D:4      | Killed Duvessa
  3025 | D:4      | Killed Dowan
  3492 | D:4      | Reached XP level 7. HP: 50/50 MP: 7/7
  3688 | D:5      | Entered Level 5 of the Dungeon
  3775 | D:5      | Noticed Ijyb
  3783 | D:5      | Killed Ijyb
  3889 | D:5      | Noticed Edmund
  3939 | D:5      | Killed Edmund
  3996 | D:5      | Found Vigaik's Antique Armour Emporium.
  4004 | D:5      | Bought a runed leather armour for 140 gold pieces
  4077 | D:5      | Found a shimmering blue altar of Sif Muna.
  4116 | D:5      | Found a hide-covered altar of Uskayaw.
  4124 | D:5      | Became a worshipper of Uskayaw the Reveller
  4392 | D:5      | Reached * piety under Uskayaw
  4395 | D:5      | Reached ** piety under Uskayaw
  4579 | D:5      | Reached skill level 1 in Stealth
  4579 | D:5      | Reached *** piety under Uskayaw
  4582 | D:5      | Reached XP level 8. HP: 56/56 MP: 8/8
  4588 | D:5      | Reached **** piety under Uskayaw
  4589 | D:5      | Reached skill level 1 in Short Blades
  4705 | D:5      | Reached skill level 1 in Invocations
  4964 | D:6      | Noticed Blork the orc
  4973 | D:6      | Killed Blork the orc
  5023 | D:6      | Noticed Grinder
  5044 | D:5      | Killed Grinder
  5045 | D:5      | Reached skill level 2 in Short Blades
  5265 | D:6      | Noticed Jeremiah
  5325 | D:6      | Noticed Prince Ribbit
  5330 | D:6      | Prince Ribbit changed into Prince Ribbit the blink frog
  5330 | D:6      | Noticed Prince Ribbit
  5354 | D:6      | Killed Prince Ribbit the blink frog
  5355 | D:6      | Reached skill level 3 in Short Blades
  5433 | D:6      | Reached skill level 3 in Dodging
  5492 | D:6      | Found a staircase to the Ecumenical Temple.
  5601 | D:6      | You fall into a shaft and drop 2 floors!
  5695 | D:7      | Reached skill level 3 in Stealth
  5695 | D:7      | Reached XP level 9. HP: 44/61 MP: 9/11
  5858 | D:7      | Reached skill level 4 in Short Blades
  5858 | D:7      | Reached skill level 3 in Invocations
  5899 | D:6      | Reached ***** piety under Uskayaw
  6260 | D:7      | Reached skill level 5 in Short Blades
  6408 | D:7      | Found Gaofi's Assorted Antiques.
  6415 | D:7      | Bought a scroll labelled BEINUBBAWA for 24 gold pieces
  7070 | D:8      | Noticed MrSquiggles's ghost (novice DsWn)
  7078 | D:8      | Noticed a two-headed ogre
  7095 | D:8      | Killed a two-headed ogre
  7096 | D:8      | Reached XP level 10. HP: 67/67 MP: 13/13
  7124 | D:8      | Noticed Maggie
  7135 | D:8      | Killed Maggie
  7136 | D:8      | Reached skill level 6 in Short Blades
  8018 | D:8      | Noticed a green ugly thing
  8019 | D:8      | Noticed a tengu warrior
  8027 | D:8      | Killed a green ugly thing
  8280 | D:8      | Killed a tengu warrior
  8538 | D:8      | Reached skill level 7 in Short Blades
  8586 | D:8      | Found a transporter.
  8589 | D:8      | Found a transporter.
  9345 | D:9      | Noticed a boulder beetle
  9366 | D:9      | Noticed Grum
  9532 | D:8      | Killed Grum
  9664 | D:8      | Killed a boulder beetle
  9871 | D:9      | Reached XP level 11. HP: 72/72 MP: 15/15
  9903 | D:9      | Noticed a two-headed ogre
  9924 | D:9      | Killed a two-headed ogre
  9925 | D:9      | Reached skill level 6 in Stealth
 10094 | D:9      | Reached skill level 6 in Invocations
 10165 | D:9      | Noticed a two-headed ogre
 10172 | D:9      | Killed a two-headed ogre
 10173 | D:9      | Reached skill level 8 in Short Blades
 10524 | D:9      | Reached skill level 6 in Dodging
 10605 | D:9      | Reached ****** piety under Uskayaw
 10740 | D:9      | Found a staircase to the Orcish Mines.
 10769 | D:9      | Found a staircase to the Lair.
 10776 | D:9      | Noticed Pikel
 10786 | D:9      | Killed Pikel
 10990 | D:9      | Found an ornate altar of the Wu Jian Council.
 11102 | D:10     | Entered Level 10 of the Dungeon
 11167 | D:10     | Found a flagged portal.
 11190 | Bailey   | Entered a bailey
 11195 | Bailey   | Noticed an orc warlord
 11313 | Bailey   | Found a runed translucent gate.
 11313 | Bailey   | Found a runed translucent gate.
 11338 | Bailey   | Found a runed translucent gate.
 11454 | Bailey   | Killed an orc warlord
 11455 | Bailey   | Reached skill level 1 in Shields
 11671 | D:10     | Reached skill level 9 in Short Blades
 11736 | D:10     | Noticed a two-headed ogre
 11756 | D:10     | Killed a two-headed ogre
 12373 | D:10     | Noticed a two-headed ogre
 12383 | D:10     | Killed a two-headed ogre
 12384 | D:10     | Reached XP level 12. HP: 64/78 MP: 17/17
 12607 | D:11     | Noticed a two-headed ogre
 12610 | D:11     | Killed a two-headed ogre
 12916 | D:11     | Reached skill level 3 in Shields
 13394 | D:12     | Reached skill level 10 in Short Blades
 13863 | D:12     | Noticed a boulder beetle
 13905 | D:12     | Killed a boulder beetle
 13931 | D:11     | Upgraded the game from 0.31-a0-1227-g0136665373 to
                  | 0.31-a0-1237-gabc64e778c
 14007 | Lair:1   | Entered Level 1 of the Lair of Beasts
 14299 | Lair:1   | Reached skill level 9 in Dodging
 14370 | Lair:1   | Found a gate leading to a gauntlet.
 14381 | Gauntlet | Entered a Gauntlet
 14381 | Gauntlet | Found a transporter.
 14381 | Gauntlet | Found a transporter.
 14384 | Gauntlet | Found a transporter.
 14388 | Gauntlet | Found a transporter.
 14388 | Gauntlet | Found a transporter.
 14405 | Gauntlet | Found a transporter.
 14420 | Gauntlet | Found a transporter.
 14421 | Gauntlet | Found a transporter.
 14423 | Gauntlet | Noticed a death yak
 14424 | Gauntlet | Noticed a death yak
 14424 | Gauntlet | Noticed a death yak
 14425 | Gauntlet | Noticed a death yak
 14426 | Gauntlet | Noticed a death yak
 14433 | Gauntlet | Found a transporter.
 14449 | Gauntlet | Found a transporter.
 14466 | Gauntlet | Found a transporter.
 14467 | Gauntlet | Found a transporter.
 14468 | Gauntlet | Found a runed translucent door.
 14572 | Gauntlet | Identified the +1 pair of boots of Xiopir {rN+}
 14589 | Gauntlet | Killed a death yak
 14595 | Gauntlet | Slain by a death yak

Illustrated notes

Levels and vault maps discovered:
D:1:      lemuel_arrival_lava_pool, layout_basic,
          ebering_ecumenical_altar_petrified, minmay_lizard_king
D:2:      layout_loops_corners
D:3:      layout_loops_ring, minmay_overflow_temple_star_hex,
          cheibrodos_ashenzari_chains, st_stairs_9, minivault_25,
          serial_park_tiny_1, dk_noncrumbling_4, kennysheep_boxes, uniq_terence
D:4:      layout_basic, minmay_misc_feat_enclosed, uniq_duvessa
D:5:      layout_loops_ring, minitemple, serial_shops, shop, abandoned_shop,
          kennysheep_another_room, roderic_serpentine_path,
          serial_bayou_crossing, uniq_edmund, uniq_ijyb
D:6:      layout_cave_pools, minmay_temple_entry_junction, uniq_grinder,
          uniq_blork_the_orc, uniq_prince_ribbit1, uniq_jeremiah
D:7:      layout_gridville, serial_shops, shop, feat_on_display
D:8:      minmay_cornered_nines, layout_loops_ring, gammafunk_ghost_hive,
          uniq_maggie, uniq_joseph
D:9:      layout_basic, nzn_wu_jian_council_hall, david_lair_shrubbed,
          orc_0_dummy, minmay_shattered_shrine, uniq_pikel, uniq_grum
D:10:     layout_gridville, enter_bailey_4, due_unseen_surprise
D:11:     layout_roguey, kennysheep_generic_room_9
D:12:     layout_basic
Lair:1:   layout_chaotic_city, gauntlet_entry_generic, grunt_megastairs_1,
          lemuel_fruit_fields
Gauntlet: minmay_gauntlet_77_indecision [minmay_gauntlet_arena_77_two_lines,
          minmay_gauntlet_arena_77_braids, minmay_gauntlet_arena_77_box,
          minmay_gauntlet_arena_77_path, minmay_gauntlet_arena_77_double_cross,
          minmay_gauntlet_arena_77_squiggly, gauntlet_exit_watery]

Skill      XL: |  1  2  3  4  5  6  7  8  9 10 11 12 |
---------------+-------------------------------------+-----
Ranged Weapons | 4 5 6 7 8 |  8.3
Stealth        | 1 3 4 5 7 |  7.1
Short Blades   | 3 5 7 9 10 | 10.2
Dodging        | 3 4 5 6 9 |  9.0
Invocations    | 2 4 5 7 |  7.2
Shields        | 2 5 |  5.0
Fighting       | |  2.6

Action                     |  1- 3 |  4- 6 |  7- 9 | 10-12 || total
---------------------------+-------+-------+-------+-------++-------
  Melee: Rapier            |       |       |   133 |   575 ||   708
         Punch             |       |       |     1 |     1 ||     2
   Fire: Shortbow          |    93 |   154 |   183 |    25 ||   455
  Throw: Dart              |       |       |       |    12 ||    12
         Boomerang         |       |       |       |     5 ||     5
 Invoke: Line Pass         |       |       |     1 |     7 ||     8
         Grand Finale      |       |       |       |     1 ||     1
    Use: Scroll            |       |     7 |     8 |     7 ||    22
   Stab: Paralysed         |       |       |     5 |    34 ||    39
         Confused          |       |       |     1 |     1 ||     2
         Sleeping          |       |       |       |    11 ||    11
         Distracted        |       |       |       |     1 ||     1
 Armour: Leather armour    |    27 |    41 |    96 |   239 ||   403
  Dodge: Dodged            |    21 |    37 |   188 |   391 ||   637
  Block: Buckler           |       |       |       |    96 ||    96

Table legend: (Time is in decaauts)
 A = Elapsed time spent in this place.
 B = Non-inter-level travel time spent in this place.
 C = Inter-level travel time spent in this place.
 D = Time resting spent in this place.
 E = Time spent auto-exploring this place.
 F = Levels seen in this place.
 G = Mean time per level.
                   A        B        C        D        E       F      G
               +--------+--------+--------+--------+--------+-----+--------+
         Total |  14553 |  13676 |    877 |   3232 |   6697 |  15 |  970.2 |
       Dungeon |  13554 |  12677 |    877 |   3232 |   6537 |  12 | 1129.5 |
          Lair |    348 |    348 |      0 |      0 |      0 |   1 |  348.0 |
        Bailey |    446 |    446 |      0 |      0 |    160 |   1 |  446.0 |
      Gauntlet |    204 |    204 |      0 |      0 |      0 |   1 |  204.0 |
               +--------+--------+--------+--------+--------+-----+--------+

Top non-repeatable levels by time:
     D:8: 2005 daAuts
     D:9: 1829 daAuts
     D:5: 1259 daAuts
     D:7: 1248 daAuts
     D:1: 1085 daAuts
     D:3: 1031 daAuts
    D:10: 1029 daAuts
     D:6: 963 daAuts
     D:4: 893 daAuts
     D:2: 861 daAuts
    D:12: 696 daAuts
    D:11: 649 daAuts
  Bailey: 446 daAuts
  Lair:1: 348 daAuts
Gauntlet: 204 daAuts
